 Dungeon Crawl Stone Soup version 0.27-a0-1319-geec4fb4e21 (webtiles) character file.

Game seed: 736971867047511543

17 spiderkeys the Skirmisher (level 2, -1/21 HPs)
             Began as an Octopode Abyssal Knight on June 22, 2021.
             Was a Follower of Lugonu.
             Slain by an adder (5 damage)
             ... on level 2 of the Dungeon.
             The game lasted 00:00:42 (702 turns).

spiderkeys the Skirmisher (Octopode Abyssal Knight)  Turns: 702, Time: 00:00:42

Health: -1/21      AC:  1    Str: 11    XL:     2   Next: 62%
Magic:  3/3        EV: 13    Int: 14    God:    Lugonu [*.....]
Gold:   17         SH:  0    Dex: 11    Spells: 1/1 levels left

rFire    . . .     SeeInvis .   a - +1 spear
rCold    . . .     Faith    .   (no shield)
rNeg     . . .     Spirit   .   (helmet restricted)
rPois    .         Reflect  .   (no amulet)
rElec    .         Harm     .   (no ring)
rCorr    .         Rampage  .   (no ring)
Will     .....                  (no ring)
Stlth    ++........             (no ring)
HPRegen  0.07/turn              (no ring)
MPRegen  0.08/turn              (no ring)
                                (no ring)
                                (no ring)

@: no status effects
A: almost no armour, amphibious, 8 rings, camouflage 1, gelatinous body 1,
(nimble swimmer 1), tentacles
a: Renounce Religion, Depart the Abyss


You were on level 2 of the Dungeon.
You worshipped Lugonu.
Lugonu was aware of your devotion.
You visited 1 branch of the dungeon, and saw 2 of its levels.
You visited the Abyss 1 time.

You collected 17 gold pieces.


Innate Abilities, Weirdness & Mutations

You cannot wear most types of armour.
You are amphibious.
You can wear up to eight rings at the same time.
Your skin changes colour to match your surroundings (Stealth+).
Your rubbery body absorbs attacks. (AC +1, EV +1)
((You are camouflaged near water. (Stealth+)))
You have tentacles for arms and can constrict up to eight enemies at once.


   Skills:
 + Level 3.2 Fighting
 + Level 2.3 Polearms
 + Level 2.6 Dodging
 + Level 2.3 Invocations


You had one spell level left.
You didn't know any spells.
Your spell library was empty.

Inventory:

Hand Weapons
 a - a +1 spear (weapon)
Missiles
 b - 70 stones
Scrolls
 c - a scroll of fog {unknown}
 d - a scroll of amnesia {unknown}

Dungeon Overview and Level Annotations

Branches:
Dungeon (1/15)

Altars:

## . .#. ... ..#
#.## ### ## #B.
..#
....###S#######
#.#
#.....@......#
#.#
#.#.##.###.#.#
##.# #.# #.#.#
##..# #.#
#.#.###.#.##
#.###.#....###.#
#.##.†)####.#.##
#.............#
####...#####.##
##.## #)#


You could see an adder and a giant cockroach.


Message History

You hit the goblin.
You kill the goblin!
Lugonu accepts your kill.
You reach to attack!
You hit the frilled lizard. You hit the frilled lizard.
You kill the frilled lizard!
Lugonu accepts your kill.
No target in view!
No target in view!
A hobgoblin comes into view.
You see here a +0 dagger.
A hobgoblin is nearby!
A hobgoblin is nearby!
You puncture the hobgoblin!
You kill the hobgoblin!
Lugonu accepts your kill.
No target in view!
No target in view!
c - a scroll labelled YNAVILI USTREOCS A kobold comes into view.
It is wielding a +0 club.
The kobold shouts!
A kobold is nearby!
A goblin comes into view. It is wielding a +0 dagger.
You reach to attack!
You closely miss the kobold.
The goblin shouts!
You hit the kobold. Your grab misses the kobold.
The kobold hits you with a +0 club. 😕 HP[-3]
You take 3 damage, and now have 18/21 hp.
You barely miss the kobold. Your grab misses the kobold.
The kobold closely misses you.
You barely miss the kobold. Your grab misses the kobold.
You squeeze the kobold.
You kill the kobold!
Lugonu accepts your kill.
A goblin is nearby!
Things that are here:
a +0 club; a kobold corpse You closely miss the goblin.
Your grab misses the goblin.
The goblin hits you with a +0 dagger. 😕 HP[-2]
You take 2 damage, and now have 16/21 hp.
You closely miss the goblin. Your grab misses the goblin.
You squeeze the goblin.
You kill the goblin!
Lugonu accepts your kill.
Key pressed, stopping explore.
d - a scroll labelled CEASUI AFUT You see here a +0 dagger. 😎 HP[+5]
Your hp is fully restored (21).
You now have 17 gold pieces.
Key pressed, stopping explore.
An adder comes into view.
A giant cockroach comes into view.
You reach to attack!
The helpless adder fails to defend itself.
You hit the adder. The adder bites you. 😕 HP[-2]
You take 2 damage, and now have 19/21 hp.
You closely miss the adder. Your grab misses the adder.
The adder bites you but does no damage.
You closely miss the adder. Your grab misses the adder.
The adder bites you. 😮 HP[-4]
You take 4 damage, and now have 15/21 hp.
You are too injured to fight recklessly!
You are too injured to fight recklessly!
You are too injured to fight recklessly!
You are too injured to fight recklessly!
You hit the adder but do no damage. Your grab misses the adder.
The adder misses you.
You miss the adder. Your grab misses the adder. The adder bites you.
You are poisoned.
The adder poisons you! The adder barely misses you. 😮 HP[-3]
You take 3 damage, and now have 12/21 hp.
You barely miss the adder. Your grab misses the adder.
You feel sick. The adder bites you.
* * * LOW HITPOINT WARNING * * *
😨 HP[-3]
You take 3 damage, and now have 9/21 hp.
You hit the adder but do no damage. Your grab misses the adder.
You feel sick.
The adder completely misses you. 😨 HP[-1]
You take 1 damage, and now have 8/21 hp.
You hit the adder. Your grab misses the adder. Your squeeze misses the adder.
You feel sick. The adder barely misses you. The adder bites you.
* * * LOW HITPOINT WARNING * * *
😱 HP[-3]
You take 3 damage, and now have 5/21 hp.
You miss the adder. Your grab misses the adder. Your squeeze misses the adder.
You feel sick.
You are no longer poisoned.
The adder closely misses you. 😱 HP[-1]
You take 1 damage, and now have 4/21 hp.
Unknown command.
You hit the adder but do no damage. Your grab misses the adder.
Your squeeze misses the adder. The adder bites you.
You die...

Action                   || total
-------------------------++-------
Melee: Spear             ||    43
       Tentacles         ||     5
       Constrict         ||     3
Invok: Depart the Abyss  ||     1
 Stab: Sleeping          ||     1
Armor: Skin              ||     1
Dodge: Dodged            ||    13

Levels and vault maps discovered:
D:1:      dpeg_arrival_morbid_curiosity, layout_basic
D:2:      layout_loops_ring

Notes
Turn   | Place    | Note
-------+----------+-------------------------------------------
     0 | Abyss:1  | spiderkeys the Octopode Abyssal Knight began the quest for
                  | the Orb.
     0 | Abyss:1  | Reached XP level 1. HP: 16/16 MP: 2/2
     0 | Abyss:1  | magus.rc [v1.9.10]
    45 | Abyss:1  | Noticed a thrashing horror
    49 | D:1      | You pass through the gate.
    49 | D:1      | Escaped the Abyss
   341 | D:1      | Reached XP level 2. HP: 21/21 MP: 3/3
   341 | D:1      | Reached * piety under Lugonu
   556 | D:1      | You fall into a shaft and drop 1 floor!
   700 | D:2      | HP: 5/21 [adder (2)]
   702 | D:2      | Slain by an adder

Vanquished Creatures
  6 goblins
  5 hobgoblins
  A bat (D:1)
  A frilled lizard (D:2)
  2 kobolds
  A rat (D:1)
16 creatures vanquished.

Table legend:
 A = Non-vault XP
 B = Vault XP
 C = Vault XP percentage of total XP
 D = Non-vault monster count
 E = Vault monster count
 F = Vault count percentage of total count
                 A         B        C        D         E       F
            +---------+---------+-------+---------+---------+-------
      Total |      17 |       8 |  32.0 |      11 |       5 |  31.2
            +---------+---------+-------+---------+---------+-------
        D:1 |      10 |       8 |  44.4 |       6 |       5 |  45.5
        D:2 |       7 |       0 |   0.0 |       5 |       0 |   0.0
            +---------+---------+-------+---------+---------+-------

Illustrated notes

Table legend:
 A = Kills in this place as a percentage of kills in entire the game.
 B = Kills by you in this place as a percentage of kills by you in the entire game.
 C = Kills by friends in this place as a percentage of kills by friends in the entire game.
 D = Other kills in this place as a percentage of other kills in the entire game.
 E = Experience gained in this place as a percentage of experience gained in the entire game.
 F = Experience gained in this place divided by the number of levels of this place that you have seen.
                   A       B       C       D       E      F
               +-------+-------+-------+-------+-------+----------------------
         Total | 100.0 | 100.0 |   N/A |   N/A | 100.0 |   8.3
       Dungeon | 100.0 | 100.0 |   N/A |   N/A | 100.0 |  12.5
               +-------+-------+-------+-------+-------+----------------------

Table legend: (Time is in decaauts)
 A = Elapsed time spent in this place.
 B = Non-inter-level travel time spent in this place.
 C = Inter-level travel time spent in this place.
 D = Time resting spent in this place.
 E = Time spent auto-exploring this place.
 F = Levels seen in this place.
 G = Mean time per level.
                   A        B        C        D        E       F      G
               +--------+--------+--------+--------+--------+-----+--------+
         Total |    700 |    700 |      0 |      0 |    574 |   3 |  233.3 |
       Dungeon |    651 |    651 |      0 |      0 |    574 |   2 |  325.5 |
         Abyss |     49 |     49 |      0 |      0 |      0 |   1 |   49.0 |
               +--------+--------+--------+--------+--------+-----+--------+

Top non-repeatable levels by time:
     D:1: 506 daAuts
     D:2: 145 daAuts
 Abyss:1: 49 daAuts
